AoeStats
← Pwncakes

Black Forest

508532600Analyzed
3v3 RM · 9d ago on Sep 22, 2026· 48m 41s· 6 players
Game mode
Random Map
Map size
Normal (6 player)
Population
200
Speed
Normal
Resources
Standard
Victory
Conquest
Starting age
Dark Age
Ending age
Imperial Age
RankedLock teamsTeams togetherTeam positionsShared explorationLock speedFull tech treeHidden civsTurbo modeCheats
Victory
Defeat
🇵🇰 Vietnamese · Pakistan
1477
+14
🇨🇦 Mongols · Canada
1378
+18
🇺🇸 Wei · United States
1359
+19
🇨🇱 Turks · Chile
1520
-21
🇨🇱 Khmer · Chile
1379
-15
🇨🇱 Bulgarians · Chile
1376
-15
Kagaya
11:55 Feudal Age
14:47 Castle Age
13:08 Double-Bit Axe
15:57 Bow Saw
20:09 Gold Mining
22:58 Scale Barding Armor
24:19 Gold Shaft Mining
24:28 Chain Barding Armor
25:18 Forging
25:23 Bloodlines
27:18 Wheelbarrow
26:29 Town Watch
28:00 Iron Casting
27:55 Stone Mining
28:38 Horse Collar
33:40 Imperial Age
31:59 Hand Cart
32:27 Fletching
33:01 Ballistics
32:53 Bodkin Arrow
35:50 Chemistry
36:40 Masonry
36:48 Town Patrol
36:34 Loom
36:15 Heavy Scorpion
37:17 Double Crossbow
37:37 Conscription
38:52 Siege Engineers
38:55 Husbandry
39:46 Stone Shaft Mining
38:52 Light Cavalry
40:14 Architecture
41:16 Hussar
43:35 Blast Furnace
43:11 Plate Barding Armor
44:34 Bracer
Diegazo
0:52 Loom
12:39 Feudal Age
14:58 Double-Bit Axe
14:56 Horse Collar
21:21 Castle Age
21:11 Gold Mining
25:40 Imperial Age
23:38 Padded Archer Armor
24:48 Leather Archer Armor
27:09 Ring Archer Armor
35:28 Fletching
36:11 Bow Saw
40:22 Elite Janissary
46:44 Bodkin Arrow
Pollazo
1:03 Loom
20:43 Feudal Age
46:53 Castle Age
45:31 Horse Collar
45:41 Double-Bit Axe
< Cobrander >
0:32 Loom
12:44 Feudal Age
13:27 Double-Bit Axe
17:08 Castle Age
16:16 Bloodlines
17:06 Forging
18:23 Fishing Lines
20:39 Gillnets
21:44 Bow Saw
21:29 Horse Collar
24:31 Wheelbarrow
25:14 Scale Barding Armor
28:23 Chain Barding Armor
28:46 Iron Casting
28:49 Hand Cart
29:35 Husbandry
30:07 Fletching
30:53 Iron Casting
30:57 Town Watch
33:38 Bodkin Arrow
33:44 Padded Archer Armor
36:50 Imperial Age
34:26 Gold Mining
35:57 Leather Archer Armor
36:59 Ballistics
38:44 Chemistry
37:51 Bracer
37:48 Capped Ram
38:37 Thumb Ring
40:35 Heavy Cavalry Archer
41:59 Elite Skirmisher
44:39 Light Cavalry
48:26 Imperial Skirmisher
Pwncakes
1:23 Loom
17:48 Feudal Age
18:27 Double-Bit Axe
18:22 Horse Collar
18:25 Fishing Lines
18:56 Arson
19:02 Man-at-Arms
25:57 Wheelbarrow
26:54 Fletching
27:16 Bloodlines
29:13 Castle Age
28:37 Padded Archer Armor
28:31 Gold Mining
28:50 Stone Mining
29:52 Bodkin Arrow
30:00 Husbandry
31:27 Careening
31:36 Bow Saw
32:38 Ballistics
33:23 Leather Archer Armor
33:20 Thumb Ring
33:30 Heavy Plow
33:46 Hand Cart
33:17 Town Watch
33:24 Gillnets
33:43 Treadmill Crane
38:16 Imperial Age
35:59 Scale Barding Armor
37:32 Tuntian
37:53 Chain Barding Armor
37:44 Forging
40:00 Gold Shaft Mining
39:49 Conscription
40:25 Crop Rotation
40:48 Iron Casting
39:40 Heavy Hei Guang Cavalry
41:52 Bracer
42:52 Blast Furnace
43:20 Ming Guang Armor
43:38 Elite Tiger Cavalry
bilalnizamani001
8:50 Loom
12:19 Feudal Age
16:21 Castle Age
14:14 Double-Bit Axe
15:50 Horse Collar
20:34 Bow Saw
22:55 Bloodlines
26:22 Fishing Lines
26:54 Scale Barding Armor
26:58 Gold Mining
28:36 Wheelbarrow
32:02 Hand Cart
32:05 Heavy Plow
35:14 Imperial Age
32:56 Stone Mining
33:08 Padded Archer Armor
33:00 Town Watch
33:08 Fletching
34:55 Leather Archer Armor
34:35 Bodkin Arrow
34:42 Squires
34:02 Pikeman
35:23 Halberdier
37:00 Ring Archer Armor
36:31 Bracer
36:58 Scale Mail Armor
37:09 Forging
37:34 Ballistics
37:42 Onager
38:06 Light Cavalry
38:47 Husbandry
39:04 Chain Mail Armor
41:02 Chemistry
41:38 Elite Rattan Archer
42:25 Bracer
42:56 Plate Mail Armor
43:01 Iron Casting
47:48 Coinage
48:22 Thumb Ring
Connection lost

Rejoining the realm…

Still unreachable

The connection could not be restored.

Session expired

The server has moved on; the page needs a fresh start.